 Dungeon Crawl Stone Soup version 0.30-a0-1161-g0704695555 (webtiles) character file.

Game seed: 17420716111728134643

116 NateTC the Conjurer (level 4, -15/33 HPs)
             Began as a Draconian Conjurer on Apr 27, 2023.
             Was a Follower of Okawaru.
             Demolished by Crazy Yiuf
             ... wielding a +4 quarterstaff of chaos
              (20 damage)
             ... on level 2 of the Dungeon.
             The game lasted 00:07:59 (2978 turns).

NateTC the Conjurer (Draconian Conjurer)            Turns: 2978, Time: 00:07:59

Health: -15/33     AC:  5    Str:  9    XL:     4   Next: 70%
Magic:  2/8        EV: 12    Int: 20    God:    Okawaru [*.....]
Gold:   93         SH:  0    Dex: 10    Spells: 2/9 levels left

rFire   . . .        (no weapon)
rCold   . . .        (no shield)
rNeg    . . .        (body armour unavailable)
rPois   .            (helmet restricted)
rElec   .            (no cloak)
rCorr   .            (no gloves)
SInv    .            (no boots)
Will    .....        (no amulet)
Stlth   ++           (no ring)
HPRegen 0.25/turn    (no ring)
MPRegen 0.11/turn

%: no passive effects
@: lethally poisoned (-15 -> -24)
A: AC +5, unfitting armour, cold-blooded
a: Renounce Religion, Heroism


You were on level 2 of the Dungeon.
You worshipped Okawaru.
Okawaru was aware of your devotion.
You visited 1 branch of the dungeon, and saw 2 of its levels.

You collected 93 gold pieces.

Inventory:

Jewellery
 c - a +6 ring of strength
 f - an amulet of the acrobat
Scrolls
 b - 2 scrolls of teleportation
 g - a scroll of identify {unknown}
 h - a scroll of torment {unknown}
Potions
 a - a potion of resistance
 d - a potion of lignification {unknown}
 e - a potion of invisibility {unknown}
 i - a potion of curing {unknown}


   Skills:
 - Level 1.7 Dodging
 - Level 1.7 Stealth
 + Level 3.0 Spellcasting
 - Level 5.2 Conjurations
 * Level 1.2 Hexes


You had 2 spell levels left.
You knew the following spells:

 Your Spells              Type           Power      Damage    Failure   Level
a - Magic Dart            Conj           96%        1d7       1%          1
b - Searing Ray           Conj           48%        2d6       2%          2
c - Fulminant Prism       Conj/Hex       8%         3d7       36%         4

Your spell library contained the following spells:

 Spells                   Type           Power      Damage    Failure   Level
 Foxfire                  Conj/Fire      52%        2x1d6     4%          1
 Scorch                   Fire           6%         2d5       22%         2
 Dazzling Flash           Conj/Hex       32%        N/A       11%         3
 Flame Wave               Conj/Fire      13%        2d6       43%         4
 Iskenderun's Mystic Bla  Conj/Tloc      13%        2d5       43%         4
 Fireball                 Conj/Fire      6%         3d5       80%         5
 Plasma Beam              Fire/Air       1%         2x1d12    100%        6
 Starburst                Conj/Fire      6%         6d4       100%        6
 Summon Cactus Giant      Summ           Unusable   N/A       N/A         6

Dungeon Overview and Level Annotations

Branches:
Dungeon (2/15) Zot: 9017

Altars:
Okawaru

Shops:
D:1 [

Annotations:
D:2 Crazy Yiuf


Innate Abilities, Weirdness & Mutations

Your plain brown scales are hard. (AC +5)
You cannot fit into any form of body armour.
You are cold-blooded and may be slowed by cold attacks.


Message History

Here: Crazy Yiuf, wielding a +4 quarterstaff of chaos and wearing a +0 cloak (fire blocked by a runed translucent door)
The floor.
You open the door.
Casting: Magic Dart (safe; 1% risk of failure)
Confirm with . or Enter, or press ? or * to list all spells.
Aiming: Searing Ray (safe; 2% risk of failure)
Press: ? - help, Shift-Dir - straight line, f - Crazy Yiuf
Aim: Crazy Yiuf, wielding a +4 quarterstaff of chaos and wearing a +0 cloak (82% to hit)
The searing ray hits Crazy Yiuf.
Crazy Yiuf is moderately wounded. (Press . to maintain the ray.) Crazy Yiuf drinks a potion.
Crazy Yiuf suddenly seems more resistant.
The searing ray hits Crazy Yiuf.
Crazy Yiuf is moderately wounded.
The searing ray hits Crazy Yiuf.
Crazy Yiuf is heavily wounded.
Crazy Yiuf cries, "Prologue sing-song sing!"
Crazy Yiuf closely misses you.
The searing ray hits Crazy Yiuf.
Crazy Yiuf is severely wounded.
You finish channelling your searing ray.
Crazy Yiuf hits you with a +4 quarterstaff of chaos!
You are poisoned.
You feel very sick.
Crazy Yiuf hits you with a +4 quarterstaff of chaos!
Casting: Searing Ray (safe; 2% risk of failure)
Confirm with . or Enter, or press ? or * to list all spells.
Aiming: Magic Dart (safe; 1% risk of failure)
Press: ? - help, Shift-Dir - straight line, f/p - Crazy Yiuf
Aim: Crazy Yiuf, wielding a +4 quarterstaff of chaos and wearing a +0 cloak (severely wounded, unusually resistant, 100% to hit)
The magic dart hits Crazy Yiuf.
Crazy Yiuf is almost dead.
* * * LOW HITPOINT WARNING * * *
You feel very sick.
Crazy Yiuf hits you with a +4 quarterstaff of chaos.
* * * LOW HITPOINT WARNING * * *
You are electrocuted!!
Ouch! That really hurt!
You die...

#..#...####....###.###.......
#..#..## #.)..# #.# #.......
#####..#..## ♣PP♣.♣ #.#
#....... ...........# ♣♣PP.♣
#.######'### ....<......#
♣♣.♣♣ #.##.......#
##.#.......# ♣♣.♣
#..........+ ..........##
♣.♣♣ #.#........# ##.##.#...#
♣♣.♣ #.#........# #........##
♣@♣♣ #.#.####'###
#####......# #g# #...........
..........## ... #.#........#
##.###....## #...#
#.#........# #.........#
#)..# #.#........#
#####.....# #####
#..........) #.....#
#.#.........
#.#..############.#.........
#.#.........................


You could see Crazy Yiuf (resistant).

Vanquished Creatures
  Robin (D:2)
  5 adders (D:2)
  2 worms
  A dart slug (D:2)
  6 bats
  An endoplasm (D:1)
  A giant cockroach (D:2)
  8 goblins
  6 hobgoblins
  A quokka (D:2)
  11 ball pythons
  3 frilled lizards (D:1)
  4 kobolds
  3 rats
53 creatures vanquished.

Vanquished Creatures (others)
  A fungus (D:2)
1 creature vanquished.

Grand Total: 54 creatures vanquished

Notes
Turn   | Place    | Note
-------+----------+-------------------------------------------
     0 | D:1      | NateTC the Draconian Conjurer began the quest for the Orb.
     0 | D:1      | Reached XP level 1. HP: 14/14 MP: 3/3
    25 | D:1      | You fall into a shaft and drop 1 floor!
   176 | D:1      | Reached XP level 2. HP: 20/20 MP: 0/5
   483 | D:1      | Found Tihuxkec's Armour Boutique.
   874 | D:2      | Learned a level 2 spell: Searing Ray
   885 | D:2      | Found a faded altar of an unknown god.
   894 | D:2      | Prayed at the altar of an unknown god.
   894 | D:2      | Became a worshipper of Warmaster Okawaru
   894 | D:2      | Reached * piety under Okawaru
  1414 | D:2      | Reached XP level 3. HP: 9/26 MP: 0/6
  2060 | D:2      | Reached skill level 5 in Conjurations
  2061 | D:2      | Identified the +1 helmet of Podufrof {rPois rN+ MP+9 Dex+2}
  2061 | D:2      | Noticed Robin
  2272 | D:2      | Killed Robin
  2273 | D:2      | Reached XP level 4. HP: 32/33 MP: 2/8
  2381 | D:2      | Learned a level 4 spell: Fulminant Prism
  2573 | D:2      | Reached skill level 1 in Hexes
  2968 | D:2      | Found a runed translucent door.
  2969 | D:2      | Noticed Crazy Yiuf
  2978 | D:2      | Demolished by Crazy Yiuf

Illustrated notes

Levels and vault maps discovered:
D:1:      nzn_arrival_crosshair, layout_rooms, serial_shops,
          nicolae_shop_advertising_works [nicolae_subvault_shop_adworks]
D:2:      minmay_diamond_boxcup, layout_basic,
          ebering_ecumenical_altar_abandoned, minmay_snake_closets, uniq_robin,
          uniq_crazy_yiuf_cottage

Skill      XL: |  1  2  3  4 |
---------------+-------------+-----
Conjurations   | 5 |  5.2
Spellcasting   | 3 |  3.0
Hexes          | 1 |  1.2
Dodging        | |  1.7
Stealth        | |  1.7

Action                     |  1- 3 |  4- 6 || total
---------------------------+-------+-------++-------
  Melee: Unarmed           |    29 |     5 ||    34
         Tailslap          |       |     1 ||     1
   Cast: Magic Dart        |   107 |    25 ||   132
         Searing Ray       |     3 |     1 ||     4
    Use: Scroll            |     3 |       ||     3
         Potion            |     1 |       ||     1
 Armour: Skin              |    29 |     1 ||    30
  Dodge: Dodged            |    44 |     7 ||    51

Table legend: (Time is in decaauts)
 A = Elapsed time spent in this place.
 B = Non-inter-level travel time spent in this place.
 C = Inter-level travel time spent in this place.
 D = Time resting spent in this place.
 E = Time spent auto-exploring this place.
 F = Levels seen in this place.
 G = Mean time per level.
                   A        B        C        D        E       F      G
               +--------+--------+--------+--------+--------+-----+--------+
         Total |   2981 |   2971 |     10 |    782 |   1181 |   2 | 1490.5 |
       Dungeon |   2981 |   2971 |     10 |    782 |   1181 |   2 | 1490.5 |
               +--------+--------+--------+--------+--------+-----+--------+

Top non-repeatable levels by time:
     D:2: 1817 daAuts
     D:1: 1163 daAuts
